 Dungeon Crawl Stone Soup version 0.27.1-34-g3ba077fa99 (webtiles) character file.

Game seed: 4093465490092273518

364 Delamore the Covert (level 6, -5/39 HPs)
             Began as an Octopode Brigand on Feb 13, 2022.
             Was an Initiate of Gozag.
             Slain by an orc (6 damage)
             ... on level 4 of the Dungeon.
             The game lasted 00:02:30 (3809 turns).

Delamore the Covert (Octopode Brigand)              Turns: 3809, Time: 00:02:31

Health: -5/39      AC:  3    Str: 11    XL:     6   Next: 67%
Magic:  6/6        EV: 13    Int: 10    God:    Gozag
Gold:   51         SH:  0    Dex: 21    Spells: 5/5 levels left

rFire    . . .     SeeInvis .   h - +4 dagger
rCold    . . .     Faith    .   (no shield)
rNeg     . . .     Spirit   .   e - +2 hat of Cautwena {rElec Int-3 Dex+6}
rPois    .         Reflect  .   (no amulet)
rElec    +         Harm     .   (no ring)
rCorr    .         Rampage  .   (no ring)
Will     .....                  (no ring)
Stlth    ++++++....             (no ring)
HPRegen  0.13/turn              (no ring)
MPRegen  0.10/turn              (no ring)
                                (no ring)
                                (no ring)

@: brilliant, gold aura
A: almost no armour, amphibious, 8 rings, camouflage 1, gelatinous body 1,
(nimble swimmer 1), tentacles
a: Renounce Religion, Potion Petition, Call Merchant, Bribe Branch


You were on level 4 of the Dungeon.
You worshipped Gozag.
Gozag was noncommittal.
You visited 2 branches of the dungeon, and saw 5 of its levels.

You collected 70 gold pieces.
You paid 19 gold pieces to Gozag.

Inventory:

Hand Weapons
 a - a +2 dagger
 h - a +4 dagger (weapon)
 i - a +0 dagger of venom
Missiles
 b - 55 poisoned darts (quivered)
 c - 2 curare-tipped darts
Armour
 e - the +2 hat of Cautwena (worn) {rElec Int-3 Dex+6}
   (You found it on level 4 of the Dungeon)

   Int:       It affects your intelligence (-3).
   Dex:       It affects your dexterity (+6).
   rElec:     It insulates you from electricity.
Wands
 g - a wand of iceblast (29)
Scrolls
 f - a scroll of identify {unknown}
Potions
 j - a potion of brilliance


   Skills:
 - Level 2.0 Fighting
 + Level 4.2 Short Blades
 - Level 2.0 Throwing
 - Level 1.0 Dodging
 * Level 9.4 Stealth


You had 5 spell levels left.
You didn't know any spells.
Your spell library was empty.

Dungeon Overview and Level Annotations

Branches:
Dungeon (4/15)             Temple (1/1) D:4

Altars:
Elyvilon
Fedhas
Gozag
Hepliaklqana
Trog
Wu Jian


Innate Abilities, Weirdness & Mutations

You cannot wear most types of armour.
You are amphibious.
You can wear up to eight rings at the same time.
Your skin changes colour to match your surroundings (Stealth+).
Your rubbery body absorbs attacks. (AC +1, EV +1)
((You are camouflaged near water. (Stealth+)))
You have tentacles for arms and can constrict up to eight enemies at once.


Message History

The iguana is heavily wounded.
You constrict the iguana. The iguana bites you! The orc closely misses you.
The dart slug barely misses you.
You are too injured to fight recklessly!
You are too injured to fight recklessly!
You are too injured to fight recklessly!
You are too injured to fight recklessly!
There are monsters nearby!
You are too injured to fight recklessly!
You hit the dart slug. You grab the dart slug.
The dart slug is heavily wounded.
You constrict the dart slug.
You constrict the iguana, but do no damage.
The iguana closely misses you.
You hit the dart slug.
The dart slug is severely wounded.
You constrict the dart slug.
You kill the dart slug!
You constrict the iguana. The orc hits you with a +0 hand axe.
The iguana bites you!
* * * LOW HITPOINT WARNING * * *
You hit the orc. Your grab misses the orc.
The orc is moderately wounded.
You constrict the iguana, but do no damage.
The orc hits you with a +0 hand axe.
* * * LOW HITPOINT WARNING * * *
You feel better.
You constrict the iguana. The iguana closely misses you. The orc misses you.
You completely miss the iguana.
The iguana is almost dead.
You constrict the iguana. The iguana bites you!
* * * LOW HITPOINT WARNING * * *
The orc hits you but does no damage.
It was a potion of brilliance.
You feel clever all of a sudden.
You constrict the iguana.
You kill the iguana!
The orc hits you with a +0 hand axe.
You die...
Your body crumbles into a pile of gold.

..'.........######
... #.........#
... #.........#
..> #.........#
... #.......###
..# #....#### ..
#....# #....#
#..$@# #..o$#
#....# .'....#
...#....#
...#....# #'
#....# #....+


You could see an orc.

Vanquished Creatures
  A phantom (D:4)
  2 scorpions (D:4)
  A jelly (D:4)
  Jessica (D:2)
  An iguana (D:4)
  4 adders
  An adder zombie (D:1)
  A worm (D:4)
  2 dart slugs
  An orc (D:4)
  3 ball pythons (D:1)
  6 endoplasms
  A giant cockroach (D:1)
  4 goblins
  6 hobgoblins
  10 jackals
  2 quokkas
  A ball python zombie (D:1)
  5 bats
  17 frilled lizards
  7 kobolds
  3 rats
80 creatures vanquished.

Vanquished Creatures (others)
  2 plants (D:1)
2 creatures vanquished.

Grand Total: 82 creatures vanquished

Notes
Turn   | Place    | Note
-------+----------+-------------------------------------------
     0 | D:1      | Delamore the Octopode Brigand began the quest for the Orb.
     0 | D:1      | Reached XP level 1. HP: 14/14 MP: 1/1
   290 | D:1      | Reached XP level 2. HP: 11/19 MP: 2/2
   512 | D:1      | Reached skill level 6 in Stealth
   838 | D:1      | Reached XP level 3. HP: 20/24 MP: 3/3
  1649 | D:2      | Reached skill level 7 in Stealth
  1649 | D:2      | Reached XP level 4. HP: 29/29 MP: 4/4
  1778 | D:2      | Noticed Jessica
  1788 | D:2      | Killed Jessica
  2261 | D:3      | Reached XP level 5. HP: 32/34 MP: 5/5
  2324 | D:3      | Found a white marble altar of Elyvilon.
  3179 | D:4      | Reached skill level 8 in Stealth
  3367 | D:4      | Reached XP level 6. HP: 39/39 MP: 6/6
  3402 | D:4      | Reached skill level 9 in Stealth
  3490 | D:4      | Identified the +2 hat of Cautwena {rElec Int-3 Dex+6}
  3689 | D:4      | Found a staircase to the Ecumenical Temple.
  3701 | Temple   | Entered the Ecumenical Temple
  3719 | Temple   | Became a worshipper of Gozag Ym Sagoz the Greedy
  3808 | D:4      | HP: 1/39 [iguana (7)]
  3809 | D:4      | Slain by an orc

Illustrated notes

Levels and vault maps discovered:
D:1:      saegor_arrival_fortress, layout_basic, minmay_parallelograms,
          minmay_lizard_king
D:2:      layout_loops_ring, uniq_jessica
D:3:      layout_basic, nicolae_elyvilon_peaceful_grove
D:4:      layout_gridville, minmay_temple_entry_butterflies,
          gammafunk_ghost_cemetery
Temple:   compressed_dpeg_circular_temple

Skill      XL: |  1  2  3  4  5  6 |
---------------+-------------------+-----
Stealth        | 6 7 8 9 |  9.4
Short Blades   | 3 4 |  4.2
Fighting       | |  2.0
Throwing       | |  2.0
Dodging        | |  1.0

Action                   |  1- 3 |  4- 6 || total
-------------------------+-------+-------++-------
Melee: Dagger            |    77 |    72 ||   149
       Constrict         |    15 |    14 ||    29
       Tentacles         |     9 |    14 ||    23
  Use: Scroll            |       |     2 ||     2
       Potion            |       |     3 ||     3
 Stab: Sleeping          |    15 |    14 ||    29
       Distracted        |       |     1 ||     1
Armor: Skin              |     4 |     6 ||    10
Dodge: Dodged            |    39 |    42 ||    81
